 Dungeon Crawl Stone Soup version 0.25-a0-310-g60f0ac2d9a (webtiles) character file.

Game seed: 3167481169217304312, levelgen mode: deterministic

417 Glalom the Gusty (level 6, 0/32 HPs)
             Began as a Deep Elf Air Elementalist on Dec 23, 2019.
             Was an Initiate of Sif Muna.
             Slain by a scorpion (7 damage)
             ... on level 5 of the Dungeon.
             The game lasted 00:17:29 (6664 turns).

Glalom the Gusty (Deep Elf Air Elementalist)        Turns: 6664, Time: 00:17:31

Health: 0/32       AC:  3    Str:  5    XL:     6   Next: 61%
Magic:  11/14      EV: 13    Int: 22    God:    Sif Muna [......]
Gold:   114        SH:  0    Dex: 15    Spells: 1/13 levels left

rFire    . . .     SeeInvis .   o - +2 quarterstaff (chaos)
rCold    . . .     Gourm    .   (shield currently unavailable)
rNeg     . . .     Faith    .   a - +0 robe
rPois    .         Spirit   .   j - +0 helmet
rElec    .         Reflect  .   (no cloak)
rCorr    .         Harm     .   (no gloves)
MR       +....                  (no boots)
Stlth    ++........             (no amulet)
HPRegen  0.10/turn              u - ring of protection from magic
MPRegen  0.14/turn              (no ring)

@: lethally poisoned (0 -> -22)
A: no striking features
a: Renounce Religion


You were on level 5 of the Dungeon.
You worshipped Sif Muna.
Sif Muna was noncommittal.
You were not hungry.

You visited 2 branches of the dungeon, and saw 6 of its levels.

You collected 114 gold pieces.

Inventory:

Hand Weapons
 b - a +0 dagger
 o - a +2 quarterstaff of chaos (weapon)
 p - a +0 dagger of draining
Armour
 a - a +0 robe (worn)
 j - a +0 helmet (worn)
Jewellery
 h - an uncursed ring of protection from magic
 s - a +2 ring of dexterity {unknown}
 u - a ring of protection from magic (left hand)
 y - an uncursed ring of magical power {unknown}
 A - a +3 ring of protection {unknown}
 B - an uncursed ring of flight {unknown}
Wands
 m - a wand of polymorph (6)
 r - a wand of flame (13)
Scrolls
 k - 3 scrolls of teleportation {unknown}
 v - a scroll of enchant weapon {unknown}
 w - a scroll of magic mapping {unknown}
 x - a scroll of identify {unknown}
 z - a scroll of immolation {unknown}
 C - a scroll of noise {unknown}
 D - a scroll of remove curse {unknown}
Potions
 d - 3 potions of heal wounds
 e - a potion of invisibility {unknown}
 f - a potion of cancellation {unknown}
 g - a potion of lignification {unknown}
 i - a potion of curing {unknown}
 l - a potion of agility {unknown}
 n - a potion of might
 q - 2 potions of haste {unknown}
 t - a potion of resistance {unknown}
Comestibles
 c - 5 rations


   Skills:
 - Level 2.4 Dodging
 - Level 2.4 Stealth
 - Level 4.2 Spellcasting
 + Level 4.3 Conjurations
 + Level 5.9 Air Magic


You had one spell level left.
You knew the following spells:

 Your Spells              Type           Power        Failure   Level  Hunger
a - Shock                 Conj/Air       ####         1%          1    None
b - Swiftness             Chrm/Air       ###.....     4%          2    #......
c - Airstrike             Air            ####......   10%         4    ####...
d - Lightning Bolt        Conj/Air       ####......   36%         5    ######.

Your spell library contained the following spells:

 Spells                   Type           Power        Failure   Level  Hunger
 Static Discharge         Conj/Air       ####....     4%          3    ##.....


Dungeon Overview and Level Annotations

Branches:
Dungeon (5/15)             Temple (1/1) D:4

Altars:
Ashenzari
Cheibriados
Dithmenos
Elyvilon
Fedhas
Gozag
Hepliaklqana
Kikubaaqudgha
Makhleb
Nemelex Xobeh
Okawaru
Qazlal
Ru
Sif Muna
Trog
Uskayaw
Wu Jian
Xom
Yredelemnul
Zin
The Shining One

Annotations:
D:2 Sigmund


Message History

Casting: Shock (safe; 1% risk of failure)
Confirm with . or Enter, or press ? or * to list all spells.
Aiming: Shock (safe; 1% risk of failure)
Press: ? - help, Shift-Dir - straight line The zap misses the scorpion.
The zap hits the scorpion!
The scorpion is heavily wounded.
* * * LOW HITPOINT WARNING * * *
You feel sick.
The scorpion stings you but does no damage.
Casting: Shock (safe; 1% risk of failure)
Confirm with . or Enter, or press ? or * to list all spells.
Aiming: Shock (safe; 1% risk of failure)
Press: ? - help, Shift-Dir - straight line The zap hits the scorpion.
The scorpion is heavily wounded.
The zap hits the scorpion.
The scorpion is severely wounded.
* * * LOW HITPOINT WARNING * * *
You feel sick. The scorpion stings you!
You die...

. ############..
##...........
#..........
#^.......#
#......<.#
#.#..@s.)#
.................
###.#.....#####..
.. #.....# #
#.....# ###+#.#
#.. #..#


You could see a scorpion.

Vanquished Creatures
  A phantom (D:4)
  A centaur (D:4)
  Crazy Yiuf (D:2)
  An orc wizard (D:4)
  Robin (D:2)
  5 adders
  2 shadow imps
  2 oozes
  2 worms
  A dart slug (D:2)
  5 orcs
  3 ball pythons
  8 bats
  7 giant cockroaches
  23 goblins
  10 hobgoblins
  5 jackals
  A quokka (D:2)
  5 frilled lizards
  6 kobolds
  9 rats
99 creatures vanquished.

Notes
Turn   | Place    | Note
-------+----------+-------------------------------------------
     0 | D:1      | Glalom the Deep Elf Air Elementalist began the quest for
                  | the Orb.
     0 | D:1      | Reached XP level 1. HP: 10/10 MP: 6/6
   423 | D:1      | Reached XP level 2. HP: 15/15 MP: 4/8
  1104 | D:1      | Reached XP level 3. HP: 19/19 MP: 4/9
  1195 | D:1      | Reached skill level 4 in Air Magic
  1536 | D:2      | Noticed Sigmund
  1909 | D:1      | Learned a level 2 spell: Swiftness
  1957 | D:2      | Reached XP level 4. HP: 24/24 MP: 5/10
  2475 | D:2      | Noticed Robin
  2649 | D:2      | Killed Robin
  2897 | D:2      | Reached skill level 5 in Air Magic
  3377 | D:2      | Found a faded altar of an unknown god.
  3574 | D:2      | Found a runed translucent door.
  3575 | D:2      | Noticed Crazy Yiuf
  3647 | D:2      | Learned a level 4 spell: Airstrike
  3666 | D:2      | Killed Crazy Yiuf
  3666 | D:2      | Reached XP level 5. HP: 4/28 MP: 11/11
  4551 | D:3      | Found a glowing golden altar of the Shining One.
  5618 | D:4      | Found a sparkling altar of Nemelex Xobeh.
  5660 | D:4      | Found a shattered altar of Ashenzari.
  5694 | D:4      | Noticed a centaur
  5709 | D:4      | Killed a centaur
  5709 | D:4      | Reached XP level 6. HP: 17/32 MP: 9/14
  5793 | D:4      | Found an ancient bone altar of Kikubaaqudgha.
  5794 | D:4      | Found a sacrificial altar of Ru.
  5795 | D:4      | Found a glowing silver altar of Zin.
  5795 | D:4      | Found a burning altar of Makhleb.
  6067 | D:4      | Learned a level 5 spell: Lightning Bolt
  6302 | D:4      | Found a staircase to the Ecumenical Temple.
  6311 | Temple   | Entered the Ecumenical Temple
  6429 | Temple   | Became a worshipper of Sif Muna the Loreminder
  6572 | D:5      | Entered Level 5 of the Dungeon
  6578 | D:5      | Noticed an ice beast
  6664 | D:5      | Slain by a scorpion

Levels and vault maps discovered:
D:1:      co_arrival_random_square_maze, layout_basic
D:2:      layout_loops_cross, serial_aquarium, aquarium_bridge_square
          [aquarium_subvault_bridge, aquarium_subvault_bridge,
          aquarium_subvault_window, aquarium_subvault_window],
          aquarium_bridge_square [aquarium_subvault_bridge,
          aquarium_subvault_window, aquarium_subvault_bridge,
          aquarium_subvault_bridge], aquarium_window_2, aquarium_window_fake,
          aquarium_window_fake, aquarium_window_2, aquarium_view_2f,
          chequers_ecumenical_altar_simple_redux, uniq_robin, uniq_sigmund,
          uniq_crazy_yiuf_cottage
D:3:      mumra_celtic_spiral_tile, layout_basic, lemuel_crystal_altar,
          first_ration, kennysheep_generic_room_9
D:4:      layout_loops_ring, chequers_temple_overflow_statue_of_worship,
          nicolae_ashenzari_panopticon, minmay_temple_entry_nine_rooms,
          nemelex_diamond_rough_becter
D:5:      layout_basic, minmay_liquid_box, nicolae_alphabet_shops,
          minmay_mini_ossuary
Temple:   regret_index_temple_generic_petals

Skill      XL: |  1  2  3  4  5  6 |
---------------+-------------------+-----
Conjurations   | 2 3 4 |  4.3
Air Magic      | 4 5 |  5.9
Spellcasting   | 4 |  4.2
Dodging        | |  2.4
Stealth        | |  2.4

Action                   |  1- 3 |  4- 6 || total
-------------------------+-------+-------++-------
Melee: Dagger            |     8 |    16 ||    24
       Unarmed           |       |     4 ||     4
       Quarterstaff      |       |     1 ||     1
 Cast: Shock             |    80 |   138 ||   218
       Swiftness         |       |     1 ||     1
  Use: Potion            |     1 |       ||     1
 Stab: Sleeping          |       |     1 ||     1
  Eat: Chunk             |     3 |     8 ||    11
       Ration            |       |     2 ||     2
Armor: Robe              |     2 |     7 ||     9
Dodge: Dodged            |    14 |    30 ||    44

Table legend:
 A = Non-vault XP
 B = Vault XP
 C = Vault XP percentage of total XP
 D = Non-vault monster count
 E = Vault monster count
 F = Vault count percentage of total count
                 A         B        C        D         E       F
            +---------+---------+-------+---------+---------+-------
      Total |     518 |      78 |  13.1 |      85 |      14 |  14.1
            +---------+---------+-------+---------+---------+-------
        D:1 |      62 |       2 |   3.1 |      28 |       1 |   3.4
        D:2 |      91 |      76 |  45.5 |      28 |      13 |  31.7
        D:3 |      56 |       0 |   0.0 |      18 |       0 |   0.0
        D:4 |     295 |       0 |   0.0 |       9 |       0 |   0.0
        D:5 |      14 |       0 |   0.0 |       2 |       0 |   0.0
            +---------+---------+-------+---------+---------+-------
